[ AOE2 MATCH · #461069451 ]
Team RMSlavs vs Jurchens
[ REPLAY ANALYSIS · EXTRACTED FROM THE RECORDED GAME ]
Feudal
13:22
Castle
17:50
Imperial
—
| APM avg | 26.7 |
| APM peak | 50 |
| eAPM avg | 17.2 |
| Villagers / military | 38 / 24 |
Focus
⚔️ 32.5% · 🌾 67.5%
Militia ×22 · Fishing Ship ×6 · Battering Ram ×2
Feudal
—
Castle
—
Imperial
—
| APM avg | 3.4 |
| APM peak | 23 |
| eAPM avg | 1.8 |
| Villagers / military | 15 / 0 |
Focus
⚔️ 15.2% · 🌾 84.8%
Feudal
—
Castle
—
Imperial
—
| APM avg | 24.4 |
| APM peak | 51 |
| eAPM avg | 10.4 |
| Villagers / military | 47 / 12 |
Focus
⚔️ 13.4% · 🌾 86.6%
Fishing Ship ×25 · Knight ×9 · Galley ×2 · Scout Cavalry ×1
Feudal
13:48
Castle
17:18
Imperial
—
| APM avg | 37.4 |
| APM peak | 69 |
| eAPM avg | 20.2 |
| Villagers / military | 65 / 15 |
Focus
⚔️ 11.8% · 🌾 88.2%
Battle Elephant ×15 · Fishing Ship ×11
Feudal
—
Castle
—
Imperial
—
| APM avg | 10.5 |
| APM peak | 46 |
| eAPM avg | 3.9 |
| Villagers / military | 17 / 0 |
Focus
⚔️ 5.1% · 🌾 94.9%
Fishing Ship ×6
Feudal
—
Castle
—
Imperial
—
| APM avg | 16.8 |
| APM peak | 43 |
| eAPM avg | 9.6 |
| Villagers / military | 65 / 1 |
Focus
⚔️ 10.2% · 🌾 89.8%
Fishing Ship ×32 · Scout Cavalry ×1
Feudal
—
Castle
—
Imperial
—
| APM avg | 4.6 |
| APM peak | 27 |
| eAPM avg | 1.2 |
| Villagers / military | 6 / 0 |
Focus
⚔️ 7.7% · 🌾 92.3%
Feudal
—
Castle
—
Imperial
—
| APM avg | 16.5 |
| APM peak | 36 |
| eAPM avg | 8.1 |
| Villagers / military | 37 / 0 |
Focus
⚔️ 7.3% · 🌾 92.7%
Fishing Ship ×28
Match map
Initial resources + every placement click. Lines = walls · curves = elevation contours. ◆ gold · ⬟ stone · ● berries · ✦ relic · ◌ wall gap
Your base· Open — 4t gap
lordpepeludwig's base· Open — unwalled flank
SonkyBro's base· Open — 5t gap
Falling in love's base· Open — 6t gap
Zkyzo's base· Open — unwalled flank
Brian42906's base· Open — 6t gap
MarySable's base· Open — unwalled flank
melodyfans's base· Open — unwalled flank
Smoothed initial terrain · ◌ = detected wall gap · hover for details
Inputs per minute
— Sulzmania - - lordpepeludwig
Build order — Sulzmania
119 actions detected in the replay
| 0:12 | Build | Town Center |
| 0:23 | Build | House |
| 2:24 | Build | Dock |
| 2:36 | Create | Villager (Male) |
| 2:36 | Create | Villager (Male) |
| 2:36 | Create | Villager (Male) |
| 2:47 | Create | Villager (Male) |
| 3:36 | Create | Fishing Ship |
| 4:19 | Create | Villager (Male) |
| 4:45 | Create | Villager (Male) |
| 5:03 | Create | Villager (Male) |
| 5:17 | Create | Villager (Male) |
| 5:51 | Create | Villager (Male) |
| 5:54 | Research | Loom |
| 5:57 | Create | Villager (Male) |
| 5:58 | Create | Fishing Ship |
| 6:27 | Build | House |
| 6:40 | Create | Villager (Male) |
| 7:04 | Build | House |
| 7:25 | Create | Villager (Male) |
| 7:26 | Create | Fishing Ship |
| 7:35 | Create | Villager (Male) |
| 7:41 | Create | Villager (Male) |
| 7:59 | Create | Villager (Male) |
| 8:05 | Create | Fishing Ship |
| 8:31 | Create | Villager (Male) |
| 8:44 | Create | Fishing Ship |
| 8:51 | Build | House |
| 9:06 | Create | Villager (Male) |
| 9:29 | Create | Fishing Ship |
| 9:36 | Create | Villager (Male) |
| 10:08 | Create | Villager (Male) |
| 10:11 | Build | Mill |
| 10:30 | Create | Villager (Male) |
| 10:40 | Build | House |
| 10:43 | Build | House |
| 11:12 | Research | Feudal Age |
| 12:05 | Build | Lumber Camp |
| 12:24 | Create | Villager (Male) |
| 12:46 | Build | Barracks |
| 13:08 | Build | Mining Camp |
| 13:20 | Create | Villager (Male) |
| 13:22 | Age | Feudal Age |
| 13:53 | Build | Market |
| 13:59 | Create | Villager (Male) |
| 14:05 | Build | House |
| 14:34 | Build | Blacksmith |
| 14:45 | Create | Villager (Male) |
| 15:06 | Research | Castle Age |
| 15:12 | Create | Villager (Male) |
| 15:20 | Create | Militia |
| 15:23 | Research | Double-Bit Axe |
| 15:29 | Create | Militia |
| 15:36 | Research | Man-at-Arms (upgrade) |
| 15:46 | Research | Gold Mining |
| 15:54 | Build | Mill |
| 16:18 | Research | Horse Collar |
| 16:21 | Build | Farm |
| 16:24 | Build | Farm |
| 16:27 | Build | Farm |
| 16:30 | Build | Farm |
| 16:33 | Create | Villager (Male) |
| 16:55 | Build | Palisade Gate |
| 17:02 | Create | Militia |
| 17:11 | Research | Scale Mail Armor |
| 17:15 | Build | Farm |
| 17:17 | Build | Farm |
| 17:20 | Build | Farm |
| 17:28 | Create | Villager (Male) |
| 17:31 | Create | Militia |
| 17:50 | Age | Castle Age |
| 17:50 | Research | Bow Saw |
| 18:02 | Create | Militia |
| 18:04 | Build | Farm |
| 18:19 | Create | Villager (Male) |
| 18:27 | Create | Militia |
| 18:30 | Build | Farm |
| 18:36 | Create | Villager (Male) |
| 18:45 | Build | Lumber Camp |
| 18:46 | Create | Villager (Male) |
| 18:50 | Create | Militia |
| 19:07 | Build | Farm |
| 19:09 | Create | Villager (Male) |
| 19:15 | Create | Militia |
| 19:21 | Research | Long Swordsman (upgrade) |
| 19:24 | Create | Villager (Male) |
| 19:39 | Create | Militia |
| 19:46 | Build | Siege Workshop |
| 19:50 | Create | Villager (Male) |
| 20:01 | Build | Farm |
| 20:05 | Create | Villager (Male) |
| 20:14 | Research | Squires |
| 20:37 | Create | Militia |
| 20:40 | Create | Battering Ram |
| 20:44 | Create | Villager (Male) |
| 21:01 | Research | Chain Mail Armor |
| 21:04 | Create | Militia |
| 21:19 | Create | Militia |
| 21:20 | Create | Battering Ram |
| 21:35 | Build | Town Center |
| 21:38 | Create | Villager (Male) |
| 21:42 | Create | Militia |
| 21:42 | Create | Militia |
| 21:54 | Research | Forging |
| 22:00 | Build | Barracks |
| 22:11 | Create | Villager (Male) |
| 22:20 | Research | Heavy Plow |
| 22:37 | Build | House |
| 22:37 | Build | House |
| 22:44 | Create | Militia |
| 22:46 | Create | Villager (Male) |
| 22:52 | Research | Town Watch |
| 22:55 | Create | Militia |
| 23:12 | Create | Militia |
| 23:22 | Create | Militia |
| 23:34 | Create | Militia |
| 23:47 | Create | Militia |
| 23:47 | Create | Militia |
| 23:55 | Create | Militia |
Build order — lordpepeludwig
17 actions detected in the replay
| 0:54 | Build | Dock |
| 1:04 | Build | Town Center |
| 1:42 | Build | House |
| 3:42 | Research | Loom |
| 3:43 | Create | Villager (Male) ×4 |
| 4:16 | Create | Villager (Male) |
| 4:16 | Create | Villager (Male) |
| 5:05 | Create | Villager (Male) |
| 5:05 | Create | Villager (Male) |
| 5:29 | Create | Villager (Male) |
| 6:37 | Create | Villager (Male) |
| 6:38 | Create | Villager (Male) |
| 6:38 | Create | Villager (Male) |
| 6:38 | Create | Villager (Male) |
| 7:00 | Build | House |
| 7:10 | Create | Villager (Male) |
| 7:11 | Create | Villager (Male) |
Build order — SonkyBro
122 actions detected in the replay
| 0:11 | Build | Town Center |
| 1:03 | Build | Dock |
| 1:32 | Build | House |
| 1:33 | Build | House |
| 2:54 | Create | Villager (Male) |
| 2:54 | Create | Villager (Male) |
| 2:54 | Create | Villager (Male) |
| 3:28 | Create | Villager (Male) |
| 3:29 | Create | Villager (Male) |
| 3:29 | Create | Villager (Male) |
| 3:29 | Create | Villager (Male) |
| 3:29 | Create | Villager (Male) |
| 4:07 | Create | Villager (Male) |
| 4:08 | Create | Villager (Male) |
| 4:46 | Create | Villager (Male) |
| 4:47 | Create | Villager (Male) |
| 5:30 | Create | Villager (Male) |
| 5:31 | Create | Villager (Male) |
| 5:56 | Create | Villager (Male) |
| 5:56 | Create | Villager (Male) |
| 6:03 | Build | House |
| 6:09 | Create | Fishing Ship |
| 6:54 | Create | Villager (Male) |
| 6:54 | Create | Villager (Male) |
| 6:55 | Create | Villager (Male) |
| 6:55 | Create | Villager (Male) |
| 6:55 | Create | Villager (Male) |
| 6:55 | Create | Villager (Male) |
| 7:41 | Create | Villager (Male) |
| 7:41 | Create | Villager (Male) |
| 7:42 | Create | Villager (Male) |
| 7:42 | Create | Villager (Male) |
| 8:05 | Create | Fishing Ship |
| 8:06 | Create | Fishing Ship |
| 8:48 | Build | House |
| 8:52 | Research | Loom |
| 9:07 | Build | Lumber Camp |
| 9:19 | Create | Villager (Male) |
| 9:21 | Build | House |
| 9:50 | Create | Villager (Male) |
| 9:51 | Create | Villager (Male) |
| 10:10 | Build | Dock |
| 10:21 | Build | Dock |
| 10:29 | Create | Villager (Male) |
| 11:07 | Create | Fishing Ship |
| 11:07 | Create | Fishing Ship |
| 11:20 | Research | Feudal Age |
| 11:39 | Build | Barracks |
| 11:55 | Build | House |
| 11:59 | Build | House |
| 12:27 | Create | Fishing Ship |
| 12:28 | Create | Fishing Ship |
| 12:30 | Create | Fishing Ship |
| 12:30 | Create | Fishing Ship |
| 12:57 | Build | Mill |
| 13:27 | Create | Villager (Male) |
| 13:27 | Create | Villager (Male) |
| 13:28 | Create | Villager (Male) |
| 13:28 | Create | Villager (Male) |
| 13:42 | Create | Fishing Ship |
| 13:44 | Create | Fishing Ship |
| 13:45 | Create | Fishing Ship |
| 14:13 | Build | Mining Camp |
| 14:17 | Create | Villager (Male) |
| 14:18 | Create | Villager (Male) |
| 14:29 | Build | House |
| 14:37 | Research | Double-Bit Axe |
| 14:55 | Create | Fishing Ship |
| 14:55 | Create | Fishing Ship |
| 15:11 | Create | Fishing Ship |
| 15:17 | Create | Villager (Male) |
| 15:40 | Build | Stable |
| 15:44 | Create | Villager (Male) |
| 16:23 | Build | Blacksmith |
| 16:31 | Create | Villager (Male) |
| 16:58 | Build | House |
| 17:00 | Build | House |
| 17:15 | Research | Castle Age |
| 17:15 | Research | Castle Age |
| 17:24 | Create | Scout Cavalry |
| 17:28 | Build | House |
| 17:31 | Build | House |
| 17:48 | Create | Fishing Ship |
| 17:48 | Create | Fishing Ship |
| 17:50 | Create | Fishing Ship |
| 17:51 | Create | Fishing Ship |
| 18:12 | Build | Dock |
| 18:42 | Build | House |
| 18:44 | Build | House |
| 18:45 | Build | House |
| 18:54 | Build | Stable |
| 19:17 | Create | Galley |
| 19:45 | Create | Villager (Male) |
| 19:46 | Create | Villager (Male) |
| 19:46 | Create | Villager (Male) |
| 19:46 | Create | Villager (Male) |
| 19:51 | Create | Knight |
| 19:51 | Create | Knight |
| 19:51 | Create | Knight |
| 19:51 | Create | Knight |
| 20:06 | Create | Fishing Ship |
| 20:06 | Create | Fishing Ship |
| 20:24 | Create | Galley |
| 20:40 | Research | Bloodlines |
| 20:41 | Create | Knight |
| 20:41 | Create | Knight |
| 20:45 | Create | Villager (Male) |
| 20:45 | Create | Villager (Male) |
| 20:53 | Build | Town Center |
| 21:01 | Create | Villager (Male) |
| 21:01 | Create | Villager (Male) |
| 21:15 | Research | Fletching |
| 22:11 | Create | Fishing Ship |
| 22:11 | Create | Fishing Ship |
| 22:11 | Create | Fishing Ship |
| 22:12 | Create | Fishing Ship |
| 22:33 | Build | Dock |
| 22:59 | Research | Scale Barding Armor |
| 23:00 | Research | Forging |
| 23:07 | Create | Knight ×3 |
| 23:34 | Build | House |
| 23:38 | Build | House |
Build order — Falling in love
First 150 of 160 actions detected
| 0:04 | Build | Town Center |
| 0:12 | Build | House |
| 0:13 | Build | House |
| 2:28 | Create | Villager (Male) |
| 2:28 | Create | Villager (Male) |
| 2:28 | Create | Villager (Male) |
| 2:28 | Create | Villager (Male) |
| 2:29 | Create | Villager (Male) |
| 2:29 | Create | Villager (Male) |
| 2:42 | Build | Dock |
| 3:51 | Create | Fishing Ship |
| 3:51 | Create | Fishing Ship |
| 3:57 | Research | Loom |
| 4:48 | Create | Villager (Male) |
| 4:48 | Create | Villager (Male) |
| 5:12 | Create | Villager (Male) |
| 5:13 | Create | Villager (Male) |
| 5:13 | Create | Villager (Male) |
| 5:37 | Create | Villager (Male) |
| 5:38 | Create | Villager (Male) |
| 5:48 | Create | Villager (Male) |
| 5:49 | Create | Villager (Male) |
| 6:08 | Create | Villager (Male) |
| 6:08 | Create | Villager (Male) |
| 6:15 | Create | Fishing Ship |
| 6:16 | Create | Fishing Ship |
| 6:31 | Create | Villager (Male) |
| 6:31 | Create | Villager (Male) |
| 6:53 | Create | Villager (Male) |
| 6:53 | Create | Villager (Male) |
| 7:00 | Build | House |
| 7:29 | Create | Villager (Male) |
| 7:55 | Create | Fishing Ship |
| 7:56 | Create | Fishing Ship |
| 8:14 | Create | Villager (Male) |
| 8:24 | Build | House |
| 8:34 | Create | Villager (Male) |
| 8:50 | Create | Villager (Male) |
| 8:58 | Create | Fishing Ship |
| 8:58 | Create | Fishing Ship |
| 9:12 | Create | Villager (Male) |
| 9:31 | Create | Villager (Male) |
| 9:37 | Create | Fishing Ship |
| 9:38 | Create | Fishing Ship |
| 9:38 | Create | Fishing Ship |
| 9:42 | Build | House |
| 9:45 | Create | Villager (Male) |
| 10:45 | Create | Villager (Male) |
| 10:53 | Build | Mining Camp |
| 10:57 | Build | House |
| 11:20 | Build | Farm |
| 11:38 | Research | Feudal Age |
| 11:38 | Research | Feudal Age |
| 11:40 | Create | Villager (Male) |
| 11:43 | Build | Mill |
| 11:50 | Build | Farm |
| 12:53 | Build | Farm |
| 12:54 | Build | Farm |
| 12:54 | Build | Farm |
| 12:54 | Build | Farm |
| 12:54 | Build | Farm |
| 13:48 | Age | Feudal Age |
| 13:55 | Create | Villager (Male) |
| 14:25 | Research | Castle Age |
| 14:26 | Research | Castle Age |
| 14:26 | Research | Castle Age |
| 14:37 | Build | Stable |
| 14:56 | Build | Lumber Camp |
| 15:29 | Research | Double-Bit Axe |
| 15:29 | Research | Double-Bit Axe |
| 16:12 | Research | Horse Collar |
| 16:16 | Research | Wheelbarrow |
| 16:29 | Create | Villager (Male) |
| 17:03 | Research | Gold Mining |
| 17:18 | Age | Castle Age |
| 17:19 | Research | Bow Saw |
| 17:20 | Create | Battle Elephant |
| 17:20 | Create | Battle Elephant |
| 17:25 | Create | Villager (Male) |
| 17:56 | Create | Villager (Male) |
| 17:56 | Create | Villager (Male) |
| 18:08 | Create | Villager (Male) |
| 18:16 | Create | Villager (Male) |
| 18:21 | Build | Farm |
| 18:21 | Build | Farm |
| 18:21 | Build | Farm |
| 18:22 | Build | Farm |
| 18:22 | Build | Farm |
| 18:22 | Build | Farm |
| 18:23 | Build | Farm |
| 18:30 | Create | Battle Elephant |
| 18:32 | Create | Villager (Male) |
| 18:47 | Create | Battle Elephant |
| 18:48 | Create | Villager (Male) |
| 19:04 | Build | House |
| 19:06 | Build | House |
| 19:09 | Build | House |
| 19:14 | Build | House |
| 19:16 | Build | House |
| 19:19 | Create | Villager (Male) |
| 19:20 | Create | Battle Elephant |
| 19:20 | Create | Battle Elephant |
| 19:34 | Create | Villager (Male) |
| 19:43 | Build | Town Center |
| 19:48 | Create | Villager (Male) |
| 19:57 | Create | Villager (Male) |
| 20:07 | Create | Villager (Male) |
| 20:18 | Create | Villager (Male) |
| 20:19 | Create | Battle Elephant |
| 20:19 | Create | Battle Elephant |
| 20:40 | Create | Villager (Male) |
| 20:45 | Build | House |
| 20:47 | Build | House |
| 20:49 | Create | Villager (Male) |
| 20:49 | Create | Villager (Male) |
| 21:04 | Create | Battle Elephant |
| 21:04 | Create | Battle Elephant |
| 21:05 | Create | Villager (Male) |
| 21:14 | Build | Town Center |
| 21:16 | Create | Villager (Male) |
| 21:17 | Create | Villager (Male) |
| 21:23 | Create | Villager (Male) |
| 21:31 | Create | Villager (Male) |
| 21:55 | Build | Farm |
| 21:58 | Create | Villager (Male) |
| 21:58 | Create | Villager (Male) |
| 22:03 | Build | Farm |
| 22:08 | Build | Farm |
| 22:08 | Build | Farm |
| 22:09 | Build | Farm |
| 22:09 | Build | Farm |
| 22:09 | Build | Farm |
| 22:09 | Build | Farm |
| 22:25 | Create | Villager (Male) |
| 22:25 | Create | Villager (Male) |
| 22:47 | Create | Villager (Male) |
| 22:47 | Create | Villager (Male) |
| 23:06 | Create | Battle Elephant |
| 23:06 | Create | Battle Elephant |
| 23:06 | Create | Battle Elephant |
| 23:07 | Create | Villager (Male) |
| 23:07 | Create | Villager (Male) |
| 23:08 | Create | Villager (Male) |
| 23:12 | Build | Farm |
| 23:12 | Build | Farm |
| 23:25 | Build | Farm |
| 23:25 | Build | Farm |
| 23:25 | Build | Farm |
| 23:25 | Build | Farm |
| 23:26 | Build | Farm |
Build order — Zkyzo
30 actions detected in the replay
| 0:48 | Build | Town Center |
| 1:37 | Build | House |
| 2:16 | Build | House |
| 3:11 | Build | Dock |
| 3:33 | Create | Villager (Male) |
| 3:34 | Create | Villager (Male) |
| 3:34 | Create | Villager (Male) |
| 3:34 | Create | Villager (Male) |
| 3:51 | Create | Villager (Male) |
| 4:08 | Create | Villager (Male) |
| 5:03 | Create | Villager (Male) |
| 5:35 | Create | Fishing Ship |
| 6:02 | Create | Villager (Male) |
| 6:34 | Create | Villager (Male) |
| 6:49 | Create | Villager (Male) |
| 7:00 | Create | Fishing Ship |
| 7:47 | Create | Villager (Male) |
| 7:48 | Create | Villager (Male) |
| 7:48 | Create | Villager (Male) |
| 8:00 | Create | Fishing Ship |
| 8:00 | Create | Fishing Ship |
| 8:08 | Create | Villager (Male) |
| 8:38 | Create | Villager (Male) |
| 9:06 | Create | Fishing Ship |
| 9:14 | Build | House |
| 9:35 | Research | Loom |
| 9:41 | Build | House |
| 10:19 | Create | Villager (Male) |
| 10:20 | Create | Villager (Male) |
| 10:35 | Create | Fishing Ship |
Build order — Brian42906
141 actions detected in the replay
| 0:10 | Build | Town Center |
| 2:08 | Build | House |
| 2:15 | Build | House |
| 2:32 | Create | Villager (Male) |
| 2:32 | Create | Villager (Male) |
| 2:33 | Create | Villager (Male) |
| 2:33 | Create | Villager (Male) |
| 2:33 | Create | Villager (Male) |
| 2:33 | Create | Villager (Male) |
| 3:21 | Build | Dock |
| 4:06 | Create | Villager (Male) |
| 4:06 | Create | Villager (Male) |
| 4:33 | Create | Villager (Male) |
| 4:33 | Create | Villager (Male) |
| 4:55 | Create | Villager (Male) |
| 4:55 | Create | Villager (Male) |
| 4:55 | Create | Villager (Male) |
| 5:24 | Create | Villager (Male) |
| 5:24 | Create | Villager (Male) |
| 6:01 | Create | Villager (Male) |
| 6:01 | Create | Villager (Male) |
| 6:12 | Build | House |
| 6:13 | Build | House |
| 6:17 | Create | Villager (Male) |
| 6:17 | Create | Villager (Male) |
| 6:17 | Create | Villager (Male) |
| 6:28 | Create | Villager (Male) |
| 6:28 | Create | Villager (Male) |
| 6:28 | Create | Villager (Male) |
| 7:00 | Create | Villager (Male) |
| 7:00 | Create | Villager (Male) |
| 7:10 | Build | Lumber Camp |
| 7:20 | Create | Villager (Male) |
| 7:20 | Create | Villager (Male) |
| 7:20 | Create | Villager (Male) |
| 7:40 | Create | Fishing Ship |
| 7:57 | Create | Villager (Male) |
| 8:16 | Create | Fishing Ship |
| 8:20 | Create | Villager (Male) |
| 8:20 | Create | Villager (Male) |
| 8:50 | Build | Mill |
| 8:52 | Create | Villager (Male) |
| 8:52 | Create | Villager (Male) |
| 8:52 | Create | Villager (Male) |
| 9:21 | Create | Fishing Ship |
| 9:30 | Build | House |
| 9:32 | Build | House |
| 9:35 | Create | Villager (Male) |
| 9:35 | Create | Villager (Male) |
| 9:44 | Create | Fishing Ship |
| 10:01 | Create | Villager (Male) |
| 10:01 | Create | Villager (Male) |
| 10:01 | Create | Villager (Male) |
| 10:05 | Create | Villager (Male) |
| 10:35 | Build | House |
| 10:36 | Build | House |
| 10:37 | Create | Villager (Male) |
| 10:37 | Create | Villager (Male) |
| 10:45 | Create | Fishing Ship |
| 10:50 | Build | Dock |
| 11:14 | Create | Villager (Male) |
| 11:15 | Create | Villager (Male) |
| 11:16 | Create | Villager (Male) |
| 11:16 | Create | Villager (Male) |
| 11:16 | Create | Villager (Male) |
| 11:21 | Create | Villager (Male) |
| 11:45 | Build | Palisade Gate |
| 11:48 | Create | Villager (Male) |
| 11:55 | Create | Fishing Ship |
| 11:55 | Create | Fishing Ship |
| 11:55 | Create | Fishing Ship |
| 11:56 | Create | Fishing Ship |
| 12:09 | Create | Fishing Ship |
| 12:12 | Create | Villager (Male) |
| 12:32 | Build | Lumber Camp |
| 12:38 | Create | Villager (Male) |
| 12:41 | Create | Fishing Ship |
| 12:50 | Build | House |
| 12:53 | Build | House |
| 13:00 | Create | Villager (Male) |
| 13:07 | Create | Fishing Ship |
| 13:39 | Research | Loom |
| 13:43 | Create | Fishing Ship |
| 13:44 | Create | Fishing Ship |
| 13:45 | Create | Fishing Ship |
| 14:37 | Research | Feudal Age |
| 15:21 | Create | Villager (Male) |
| 15:21 | Create | Villager (Male) |
| 15:29 | Build | Dock |
| 15:34 | Create | Fishing Ship |
| 15:35 | Create | Fishing Ship |
| 15:35 | Create | Fishing Ship |
| 15:35 | Create | Fishing Ship |
| 15:35 | Create | Fishing Ship |
| 15:36 | Create | Fishing Ship |
| 15:36 | Create | Fishing Ship |
| 16:29 | Build | Barracks |
| 16:34 | Create | Villager (Male) |
| 16:48 | Build | Dock |
| 16:50 | Create | Villager (Male) |
| 17:04 | Build | Mining Camp |
| 17:15 | Build | Blacksmith |
| 17:22 | Build | Market |
| 17:31 | Research | Wheelbarrow |
| 17:54 | Create | Fishing Ship |
| 17:55 | Create | Fishing Ship |
| 17:55 | Create | Fishing Ship |
| 17:55 | Create | Fishing Ship |
| 17:55 | Create | Fishing Ship |
| 18:10 | Build | House |
| 18:12 | Build | House |
| 18:14 | Create | Villager (Male) |
| 18:15 | Create | Villager (Male) |
| 18:16 | Create | Villager (Male) |
| 18:26 | Build | Mill |
| 18:51 | Create | Villager (Male) |
| 18:57 | Build | House |
| 18:58 | Build | House |
| 19:01 | Build | House |
| 19:02 | Build | House |
| 19:30 | Research | Double-Bit Axe |
| 19:33 | Research | Gold Mining |
| 19:37 | Research | Tech 906 |
| 19:47 | Create | Fishing Ship |
| 19:47 | Create | Fishing Ship |
| 19:47 | Create | Fishing Ship |
| 19:58 | Research | Castle Age |
| 20:30 | Build | Stable |
| 20:39 | Create | Villager (Male) |
| 20:39 | Create | Villager (Male) |
| 20:43 | Create | Fishing Ship ×2 |
| 21:02 | Create | Villager (Male) |
| 21:12 | Build | Lumber Camp |
| 21:59 | Build | Mining Camp |
| 22:15 | Create | Scout Cavalry |
| 22:53 | Build | Town Center |
| 23:04 | Create | Villager (Male) |
| 23:05 | Create | Villager (Male) |
| 23:23 | Build | Town Center |
| 23:39 | Research | Gillnets |
| 23:47 | Build | Dock |
Build order — MarySable
8 actions detected in the replay
| 0:44 | Build | Town Center |
| 2:49 | Create | Villager (Male) |
| 2:49 | Create | Villager (Male) |
| 3:19 | Research | Loom |
| 3:19 | Create | Villager (Male) |
| 3:19 | Create | Villager (Male) |
| 4:41 | Create | Villager (Male) |
| 4:41 | Create | Villager (Male) |
Build order — melodyfans
97 actions detected in the replay
| 0:05 | Build | House |
| 0:07 | Build | House |
| 0:10 | Build | House |
| 2:06 | Build | Town Center |
| 4:40 | Create | Villager (Male) |
| 4:41 | Create | Villager (Male) |
| 4:41 | Create | Villager (Male) |
| 4:41 | Create | Villager (Male) |
| 4:41 | Create | Villager (Male) |
| 4:42 | Create | Villager (Male) |
| 6:11 | Create | Villager (Male) |
| 6:11 | Create | Villager (Male) |
| 6:12 | Create | Villager (Male) |
| 6:24 | Create | Villager (Male) |
| 6:24 | Create | Villager (Male) |
| 6:25 | Create | Villager (Male) |
| 6:50 | Build | Lumber Camp |
| 6:56 | Create | Villager (Male) |
| 6:56 | Create | Villager (Male) |
| 7:20 | Create | Villager (Male) |
| 7:20 | Create | Villager (Male) |
| 7:20 | Create | Villager (Male) |
| 8:40 | Build | Mill |
| 8:48 | Create | Villager (Male) |
| 9:09 | Research | Loom |
| 9:46 | Build | Dock |
| 10:28 | Create | Fishing Ship |
| 10:28 | Create | Fishing Ship |
| 10:29 | Create | Fishing Ship |
| 10:49 | Create | Villager (Male) |
| 10:49 | Create | Villager (Male) |
| 10:50 | Create | Villager (Male) |
| 10:56 | Create | Villager (Male) |
| 11:04 | Create | Fishing Ship |
| 11:52 | Create | Villager (Male) |
| 11:52 | Create | Villager (Male) |
| 11:52 | Create | Villager (Male) |
| 11:57 | Build | House |
| 12:04 | Create | Fishing Ship |
| 12:05 | Create | Fishing Ship |
| 12:05 | Create | Fishing Ship |
| 12:28 | Build | House |
| 12:30 | Build | House |
| 12:48 | Create | Villager (Male) |
| 13:02 | Create | Fishing Ship |
| 13:03 | Create | Fishing Ship |
| 13:37 | Create | Fishing Ship |
| 13:37 | Create | Fishing Ship |
| 13:57 | Create | Villager (Male) |
| 13:58 | Create | Villager (Male) |
| 13:58 | Create | Villager (Male) |
| 13:59 | Create | Villager (Male) |
| 14:20 | Build | Barracks |
| 14:24 | Build | House |
| 14:25 | Build | House |
| 15:02 | Create | Fishing Ship |
| 15:10 | Create | Fishing Ship |
| 15:19 | Research | Feudal Age |
| 16:02 | Build | Dock |
| 16:19 | Create | Villager (Male) |
| 16:19 | Create | Villager (Male) |
| 16:39 | Build | Dock |
| 17:09 | Create | Villager (Male) |
| 17:09 | Create | Villager (Male) |
| 17:16 | Create | Fishing Ship |
| 17:16 | Create | Fishing Ship |
| 17:16 | Create | Fishing Ship |
| 17:38 | Research | Tech 906 |
| 17:54 | Research | Double-Bit Axe |
| 18:07 | Create | Fishing Ship |
| 18:07 | Create | Fishing Ship |
| 18:24 | Build | Mining Camp |
| 18:43 | Build | Lumber Camp |
| 19:01 | Create | Fishing Ship |
| 19:02 | Create | Fishing Ship |
| 19:35 | Create | Fishing Ship |
| 19:35 | Create | Fishing Ship |
| 19:35 | Create | Fishing Ship |
| 20:02 | Build | House |
| 20:05 | Build | House |
| 20:07 | Build | House |
| 20:10 | Build | House |
| 20:11 | Build | House |
| 20:16 | Create | Villager (Male) |
| 20:16 | Create | Villager (Male) |
| 20:17 | Create | Villager (Male) |
| 20:44 | Research | Gold Mining |
| 20:46 | Research | Stone Mining |
| 21:31 | Build | Stable |
| 21:37 | Create | Fishing Ship |
| 21:37 | Create | Fishing Ship |
| 21:38 | Create | Fishing Ship |
| 22:30 | Build | Dock |
| 22:36 | Research | Wheelbarrow |
| 22:54 | Build | Lumber Camp |
| 23:26 | Create | Fishing Ship ×2 |
| 23:49 | Build | Stable |
Match timeline
| 0:54 | lordpepeludwig · first_building Dock |
| 1:03 | SonkyBro · first_building Dock |
| 2:24 | Sulzmania · first_building Dock |
| 2:42 | Falling in love · first_building Dock |
| 3:11 | Zkyzo · first_building Dock |
| 3:21 | Brian42906 · first_building Dock |
| 7:11 | MarySable · resign |
| 9:46 | melodyfans · first_building Dock |
| 11:39 | SonkyBro · first_building Barracks |
| 12:46 | Sulzmania · first_building Barracks |
| 13:22 | Sulzmania · age_up feudal |
| 13:48 | Falling in love · age_up feudal |
| 14:20 | melodyfans · first_building Barracks |
| 14:37 | Falling in love · first_building Stable |
| 14:42 | Sulzmania · first_market_sell 100 food |
| 15:40 | SonkyBro · first_building Stable |
| 16:29 | Brian42906 · first_building Barracks |
| 17:18 | Falling in love · age_up castle |
| 17:50 | Sulzmania · age_up castle |
| 19:46 | Sulzmania · first_building Siege Workshop |
| 20:30 | Brian42906 · first_building Stable |
| 21:31 | melodyfans · first_building Stable |
[ AI ANALYSIS · 1 CREDIT ]
What really happened in this match?
Wolo.gg analyzes every decision: build order, eco, micro, common mistakes by bracket. Personalized analysis on WhatsApp or Discord in 30 seconds.
Civ guide
Slavs
Map guide
Nomad
Perfil
Jugador #1138470